Description

I am only a diamond 2 who is terrible at TvP, but ForGG was so kind to show a TvP build order on stream. I am trying my best to copy it tooth and nail. I have died to a couple all ins while doing this build, but maybe that's just because I have not gotten this build as tight as he has.

VOD

https://www.twitch.tv/videos/963033225

Build Order

Why is there no SALT encoding or Overwolf build?

  14  0:17  Supply Depot  
  16  0:40  Barracks  
  17  0:45  Refinery  
  19  1:17  SCV  Send this SCV to scout, in the first vod ForGG just used it to Deter probe harass because at a GM level that usually means the Protoss is going to macro. Otherwise, scout.
  19  1:29  Reaper, Orbital Command  
  20  1:41  Command Center  
  20  1:52  Supply Depot  
  21  2:02  Tech Lab  On the barracks
  22  2:08  Barracks  #2
  25  2:24  Refinery  #2 (Also get concussive shells and marauder at 2:20)
  31  2:55  Orbital Command  
  31  2:58   Barracks Reactor  On rax #2
  32  3:06  Stimpack, Marine  At this point, stop making marauders (after 2 Marauders), You need the gas for upgrades, starport, and medivacs.
  32  3:19  Factory  
  38  3:25  Supply Depot  (This SCV constantly makes supply depots I think)
  45  4:03  Starport  Also refinery #3 at 4:05
  47  4:11  Barracks  #3
  52  4:29  Engineering Bay  
  63  4:52  Combat Shield  
  65  4:57  Tech Lab  (On rax #3)
  84  5:03  Terran Infantry Weapons Level 1  
    5:20  Action  Move out. I noticed that ForGG moved out first, then dropped half way through. I believe this is so the Protoss's observer will scout a move out and prepare for a straight up push, but actually a drop
      Action  "Aggressive is best." -ForGG, so basically make the Protoss's life a living hell, no other way to beat Protoss as Terran?
Spawning Tool Build Advisor. Get it on Overwolf

Analysis

The idea is to go straight into tech lab + double marauder with concussive shells after the reaper FE. If the Pootoss (cuz I hate Protoss so I'm just going to bully them).... Anyway, if the Pootoss does not scout it, send the 2 marauders across the map, if Pootoss scouts it, stay in your base until you get your double medivacs and start dropping like Maru.

Go to:

Details

  • Created by: HypeR
  • Published on: Mar 28, 2021
  • Modified on: Apr 06, 2021
  • Patch: 4.11.0
  • Difficulty: Medium
Show

Export as new Build Order

Comments (2)

On May 12, 2021, 7:58 p.m., diego6d  said:

Sup! Can't get the code.

On April 2, 2021, 8:16 a.m., thecake  said:

I will try this BO asap thank you man!

Create an account to comment!